 Dungeon Crawl Stone Soup version 0.14-a0-504-gf2529f3 (webtiles) character file.

151 Psiweapon the Practitioner (level 4, -5/40 HPs)
             Began as a Deep Dwarf Healer on Oct 31, 2013.
             Was a Believer of Elyvilon.
             Killed by divine providence
             ... invoked by an orc priest
              (10 damage)
             ... on Level 2 of the Dungeon.
             The game lasted 00:12:03 (2092 turns).

Psiweapon the Practitioner (Deep Dwarf Healer)      Turns: 2092, Time: 00:12:03

HP  -5/40        AC  6     Str 16      XL: 4   Next: 35%
MP   1/8         EV  8     Int 13      God: Elyvilon [**....]
Gold 59          SH  0     Dex 12      Spells:  0 memorised,  3 levels left

Res.Fire  : . . .   See Invis. : +   g - +0 club (curse)
Res.Cold  : . . .   Warding    : .   l - +0 scale mail
Life Prot.: . . .   Conserve   : .   (no shield)
Res.Poison: .       Res.Corr.  : .   (no helmet)
Res.Elec. : .       Clarity    : .   (no cloak)
Sust.Abil.: . .     Spirit.Shd : .   (no gloves)
Res.Mut.  : .       Stasis     : .   (no boots)
Res.Rott. : .       Flight     : .   (no amulet)
Saprovore : . . .                    (no ring)
                                     j - ring of see invisible

@: non-regenerating, slightly resistant to hostile enchantments, extremely
unstealthy
A: damage resistance, recharge devices, sense surroundings 1, slow healing 3
a: Device Recharging, Lesser Healing, Lesser Self-Healing, Divine Protection,
Purification, Renounce Religion


You were on level 2 of the Dungeon.
You worshipped Elyvilon.
Elyvilon was pleased with you.
You were hungry.

You visited 1 branch of the dungeon, and saw 3 of its levels.

You collected 59 gold pieces.

Inventory:

Hand weapons
 g - a cursed +0,+0 club (weapon)
 k - a +2,+2 mace
 n - a +0,+0 war axe
Armour
 a - a +1 robe
 e - a +0 chain mail
 l - a +0 scale mail (worn)
Magical devices
 d - a wand of heal wounds (5)
Comestibles
 f - a bread ration
 h - a chunk of rat flesh
Jewellery
 j - a ring of see invisible (left hand)
 m - an uncursed ring of poison resistance {unknown}
Potions
 b - a potion of curing
 c - a potion of heal wounds
 i - a potion of degeneration


   Skills:
 + Level 2.5 Fighting
 + Level 1.6 Maces & Flails
 + Level 0.2 Armour
 - Level 2.9 Dodging
 + Level 5.9 Invocations


You had 3 spell levels left.
You didn't know any spells.

Dungeon Overview and Level Annotations

Branches:
Dungeon (3/27)

Altars:
Kikubaaqudgha
Vehumet


Innate Abilities, Weirdness & Mutations

You are resistant to damage.
You can recharge devices by infusing magical energy.
You passively map a small area around you.
You do not heal naturally.


Message History

The worm bites you.
* * * LOW HITPOINT WARNING * * *
You hit the orc priest.
The orc priest is heavily wounded.
The orc priest hits you but does no damage.
The worm barely misses you.
You hit the orc priest.
The orc priest is severely wounded.
The orc priest hits you with an orcish mace.
You hit the orc priest.
The orc priest is almost dead.
The orc priest calls down the wrath of Beogh upon you.
Pain shoots through your body!
* * * LOW HITPOINT WARNING * * *
The worm bites you but does no damage.
Your scale mail prevents you from hitting the orc priest.
The orc priest is almost dead.
The orc priest mumbles some strange prayers to Beogh against you.
Something smites you!
You die...

###### #@w..#
################o##.#
.................##.########
.###############.##.#.%....#
.# ##.##.#.####.# .#
#.......# #.# .# #..##...#
#.# .# #..##...# #.# ##
#######.......# #<#


You could see a worm and an orc priest.

Vanquished Creatures
  A gnoll (D:2)
  An adder (D:2)
  2 worms (D:2)
  A giant gecko (D:2)
  An ooze (D:2)
  A giant cockroach (D:1)
  2 quokkas (D:2)
  A bat (D:1)
  2 giant newts
  9 rats
21 creatures vanquished.

Vanquished Creatures (others)
  A gnoll (D:2)
  A goblin (D:2)
  A hobgoblin (D:2)
  A kobold (D:1)
  A giant newt (D:2)
5 creatures vanquished.

Grand Total: 26 creatures vanquished

Notes
Turn   | Place    | Note
--------------------------------------------------------------
     0 | D:1      | Psiweapon, the Deep Dwarf Healer, began the quest for the Orb.
     0 | D:1      | Reached XP level 1. HP: 19/19 MP: 2/2
    23 | D:1      | Reached skill level 5 in Invocations
   172 | D:1      | Reached XP level 2. HP: 24/26 MP: 0/4
   440 | D:2      | Reached skill level 1 in Maces & Flails
   815 | D:2      | Reached XP level 3. HP: 16/32 MP: 6/6
  1507 | D:2      | Reached XP level 4. HP: 25/40 MP: 5/8
  1879 | D:2      | Found a radiant altar of Vehumet.
  1879 | D:2      | Found an ancient bone altar of Kikubaaqudgha.
  2092 | D:2      | Killed from afar by an orc priest

Action                   |  1- 3 |  4- 6 || total
-------------------------+-------+-------++-------
Melee: Club              |   169 |    39 ||   208
       Unarmed           |     1 |       ||     1
Invok: Lesser Healing    |    45 |    20 ||    65
       Lesser Self-Heali |    10 |     7 ||    17
  Use: Scroll            |     5 |       ||     5
 Stab: Sleeping          |     1 |       ||     1
